 Dungeon Crawl Stone Soup version 0.19.0-2-gae57169 (webtiles) character file.

214 Millan the Sneak (level 5, -11/27 HPs)
             Began as a Vine Stalker Assassin on Nov 7, 2016.
             Killed by nerve-wracking pain
             ... invoked by Menkaure
              (13 damage)
             ... on level 4 of the Dungeon.
             The game lasted 00:15:54 (3721 turns).

Millan the Sneak (Vine Stalker Assassin)            Turns: 3721, Time: 00:15:54

Health: -11/27     AC:  3    Str: 14    XL:     5   Next: 91%
Magic:  0/6        EV: 12    Int: 11    God:
Gold:   250        SH:  0    Dex: 16    Spells: 0 memorised, 4 levels left

rFire  x . .     SeeInvis .     a - +2 dagger
rCold  + . .     Gourm    .     c - +0 robe
rNeg   . . .     Faith    .     (no shield)
rPois  .         Spirit   +     (no helmet)
rElec  .         Reflect  .     d - +0 cloak
rCorr  .         Harm     .     (no gloves)
MR     .....                    (no boots)
Stlth  ++++......               (no amulet)
                                (no ring)
                                q - ring of ice

@: no status effects
A: fangs 2, regeneration 1, magic shield, antimagic bite, no device heal 3, rot
immunity
a: no special abilities


You were on level 4 of the Dungeon.
You were not hungry.

You visited 1 branch of the dungeon, and saw 4 of its levels.

You collected 250 gold pieces.

Inventory:

Hand Weapons
 a - a +2 dagger (weapon)
 b - a +0 blowgun
Missiles
 e - 8 poisoned needles
 f - a curare-tipped needle
Armour
 c - a +0 robe (worn)
 d - a +0 cloak (worn)
Jewellery
 q - a ring of ice (left hand)
 s - a +4 ring of protection {unknown}
Scrolls
 l - 6 scrolls of identify {unknown}
 m - a scroll of blinking {unknown}
 n - a scroll of fear {unknown}
Potions
 h - 2 potions of heal wounds {unknown}
 i - a potion of magic {unknown}
 j - 2 potions of agility {unknown}
 k - 4 potions of mutation {unknown}
 o - a potion of resistance {unknown}
 p - a potion of lignification {unknown}
 r - a potion of curing {unknown}
 t - a potion of might {unknown}
Comestibles
 g - 3 bread rations


   Skills:
 + Level 2.4 Fighting
 + Level 2.6 Short Blades
 - Level 2.0 Throwing
 + Level 1.5 Dodging
 * Level 7.3 Stealth


You had 4 spell levels left.
You didn't know any spells.

Dungeon Overview and Level Annotations

Branches:
Dungeon (4/15)
 Temple: D:4-7

Altars:
Fedhas
Kikubaaqudgha
Makhleb
Qazlal
Trog
Vehumet
Xom

Annotations:
D:4 Menkaure


Innate Abilities, Weirdness & Mutations

You have extremely sharp teeth.
Your natural rate of healing is unusually fast.
When hurt, damage is shared between your health and your magic reserves.
Your bite disrupts and absorbs the magic of your enemies.
Potions and wands cannot restore your health.
You are immune to rotting.


Message History

You drain his magic.
You feel invigorated.
Menkaure is lightly damaged.
Menkaure hits you!!
Ouch! That really hurt!
You hit Menkaure.
Menkaure is moderately damaged.
Menkaure misses you.
An adder comes into view.
The adder hisses angrily.
Menkaure grins.
Menkaure falters for a moment.
Menkaure mumbles in an indecipherable tongue.
Menkaure points at you and mumbles some strange words.
You struggle to resist.
Menkaure points at you and mumbles some strange words.
Pain shoots through your body!
* * * LOW HITPOINT WARNING * * *
Menkaure points at you and mumbles some strange words.
Pain shoots through your body!
You die...

###.##....# #.........
........# ##....(....
....#...######..........
............#...S.......#
...............M........
..............##.#####.#
..............##.# ##.#
..............##.# ... .^.
....#.........##@###.# ....
....#..........#.##.># ....
....................###
.....
#.............###.....##....
#.###.........# #.#.#..>.#
..# #.........# #.#.#..###
### #.........# #........##
# .......##
###...#...###.###
#######[....#
#####....).....


You could see Menkaure and an adder.

Vanquished Creatures
  An orc wizard (D:4)
  A worker ant (D:4)
  A gnoll (D:4)
  7 adders
  An ooze (D:1)
  A worm (D:3)
  4 dart slugs
  3 leopard geckos
  6 orcs
  5 bats
  3 giant cockroaches
  9 goblins
  7 hobgoblins
  6 kobolds
  A quokka (D:3)
  6 frilled lizards
  10 rats
72 creatures vanquished.

Notes
Turn   | Place    | Note
-------+----------+-------------------------------------------
     0 | D:1      | Millan the Vine Stalker Assassin began the quest for the Orb.
     0 | D:1      | Reached XP level 1. HP: 11/11 MP: 2/2
    49 | D:1      | Reached skill level 5 in Stealth
   127 | D:1      | Reached XP level 2. HP: 15/15 MP: 3/3
   756 | D:1      | Reached XP level 3. HP: 18/18 MP: 4/4
  1283 | D:2      | Reached skill level 1 in Dodging
  1283 | D:2      | Reached skill level 6 in Stealth
  1514 | D:2      | Found a bloodstained altar of Trog.
  1625 | D:2      | Gained mutation: Your natural rate of healing is unusually fast. [Vine Stalker growth]
  1625 | D:2      | Reached XP level 4. HP: 23/23 MP: 5/5
  2121 | D:3      | Found a shimmering altar of Xom.
  2224 | D:3      | Found a stormy altar of Qazlal.
  2226 | D:3      | Found a radiant altar of Vehumet.
  2226 | D:3      | Found a blossoming altar of Fedhas.
  2227 | D:3      | Found an ancient bone altar of Kikubaaqudgha.
  2743 | D:3      | Found a burning altar of Makhleb.
  2890 | D:3      | Reached XP level 5. HP: 23/26 MP: 6/6
  3176 | D:3      | Reached skill level 7 in Stealth
  3697 | D:4      | Noticed Menkaure
  3720 | D:4      | HP: 1/27 [Menkaure/nerve-wracking pain (11)]
  3721 | D:4      | Killed from afar by Menkaure

Skill      XL: |  1  2  3  4  5 |
---------------+----------------+-----
Stealth        | 5 6 7 |  7.3
Throwing       | 2 |  2.0
Dodging        | 1 |  1.5
Short Blades   | 2 |  2.6
Fighting       | 2 |  2.4

Action                   |  1- 3 |  4- 6 || total
-------------------------+-------+-------++-------
Melee: Dagger            |    68 |   152 ||   220
       Bite              |    16 |    41 ||    57
 Fire: Blowgun           |     8 |     5 ||    13
 Stab: Sleeping          |     9 |     8 ||    17
  Eat: Chunk             |     2 |     7 ||     9
Armor: Robe              |     7 |    31 ||    38
Dodge: Dodged            |    31 |    74 ||   105
